 Dungeon Sprint DCSS version 0.29-a0-418-gc0181ea820 (webtiles) character file.

Game seed: 2065195611425851718

9300000 Zeld the Champion of Chaos (level 27, -1/249 HPs)
             Began as a Gnoll Monk on May 17, 2022.
             Was the Champion of Makhleb.
             Killed by the air
             ... invoked by a tyrant
              (49 damage)
             ... in the Dungeon (Sprint VIII: "Arena of Blood").
             The game lasted 00:01:55 (93 turns).

Zeld the Champion of Chaos (Gnoll Monk)               Turns: 93, Time: 00:01:56

Health: -1/249     AC:  4    Str: 23    XL:     27
Magic:  22/54      EV: 27    Int: 11    God:    Makhleb [******]
Gold:   0          SH:  0    Dex: 15    Spells: 80/80 levels left

rFire   . . .      SeeInvis .   i - +∞ Axe of Woe
rCold   . . .      Faith    .   (shield currently unavailable)
rNeg    . . .      Spirit   .   a - +0 robe
rPois   .          Reflect  .   (no helmet)
rElec   .          Harm     .   (no cloak)
rCorr   .          Rampage  .   (no gloves)
Will    ++...      NoTele   +   (no boots)
Stlth   +++++++++.              (no amulet)
HPRegen 0.51/turn               (no ring)
MPRegen 0.34/turn               (no ring)

@: no status effects
A: fangs 1, strong nose, distributed training
a: Renounce Religion, Minor Destruction, Lesser Servant of Makhleb, Major
Destruction, Greater Servant of Makhleb


You were in the Dungeon.
You worshipped Makhleb.
Makhleb was exalted by your worship.
You visited 1 branch

Inventory:

Hand Weapons
 i - the +∞ Axe of Woe (weapon)
   (You found it in the Dungeon)
Armour
 a - a +0 robe (worn)
Scrolls
 h - a scroll of blinking
Potions
 b - a potion of ambrosia
 c - a potion of curing
 e - a potion of haste
 f - 2 potions of magic
 g - a potion of berserk rage


   Skills:
 O Level 27 Fighting
 O Level 27 Short Blades
 O Level 27 Long Blades
 O Level 27 Axes
 O Level 27 Maces & Flails
 O Level 27 Polearms
 O Level 27 Staves
 O Level 27 Slings
 O Level 27 Bows
 O Level 27 Crossbows
 O Level 27 Throwing
 O Level 27 Armour
 O Level 27 Dodging
 O Level 27 Stealth
 O Level 27 Shields
 O Level 27 Unarmed Combat
 O Level 27 Spellcasting
 O Level 27 Conjurations
 O Level 27 Hexes
 O Level 27 Summonings
 O Level 27 Necromancy
 O Level 27 Translocations
 O Level 27 Transmutations
 O Level 27 Fire Magic
 O Level 27 Ice Magic
 O Level 27 Air Magic
 O Level 27 Earth Magic
 O Level 27 Poison Magic
 O Level 27 Invocations
 O Level 27 Evocations


You had 80 spell levels left.
You didn't know any spells.
Your spell library was empty.

Dungeon Overview and Level Annotations

Branches:
Dungeon (1/1)

Altars:
Makhleb


Innate Abilities, Weirdness & Mutations

You have very sharp teeth.
Your uncanny sense of smell can sniff out nearby items.
Your experience applies equally to all skills.


Message History

* * * LOW HITPOINT WARNING * * *
The meat berserker convulses!
The bag of meat convulses!
The meat berserker convulses!
The bag of meat convulses! x2
A dread comes into view.
You hear a shout!
Unknown command.
Press < or > to pray at altars.
Unknown command.
Press < or > to pray at altars.
Unknown command.
Press < or > to pray at altars.
Unknown command.
Press < or > to pray at altars.
You feel much better.
You hear a shout! x3
The eight-headed meat hydra calls on the powers of darkness!
The eight-headed meat hydra convulses!
The bag of meat convulses! x2
The large bag of meat convulses!
Flame seeps out of the large bag of meat.
Your body is wracked with pain!
* * * LOW HITPOINT WARNING * * *
Something is bathed in an unholy light!
The bag of meat convulses!
The meat berserker convulses! x2; The bag of meat convulses!
The eight-headed meat hydra convulses!
The accursed casts a spell at you. Something smites you!
* * * LOW HITPOINT WARNING * * *
You hear a shout!
Unknown command.
Press < or > to pray at altars.
Unknown command.
Press < or > to pray at altars.
You hit the dread. You chop the dread into pieces.
You destroy the dread!
Makhleb accepts your kill.
You feel better.
You hear a shout!
The tyrant waves its bony arms in wide circles.
The air twists around and strikes you!!!
You die...

.o.. .. ... ..
#.. .# . #.o ..#
..###.. ..###.
.oXoOO.###....o.
..XoDoO)@)..M...
XWLX#.))).#....
X #_)<)_# .
#))))D#
.oOV...._......
..O....###......
..###.. ..###. z
#.. ..# #.. ..#


You could see an accursed, a tyrant (fast), 2 eight-headed meat hydras, a large
bag of meat (inner flame), 5 large abominations, a dread, 2 meat berserkers and
5 bags of meat.

Vanquished Creatures
  Sigmund (D)
  A hell beast (D)
  2 royal mummies (D)
  2 wraiths (D)
  6 vampire knights (D)
  39 ogres (D)
  7 two-headed ogres (D)
  2 hydras (D)
  A phantom (D)
  46 orcs (D)
  6 skeletal warriors (D)
113 creatures vanquished.

Notes
Turn   | Place    | Note
-------+----------+-------------------------------------------
     0 | D        | Found the +∞ Axe of Woe
     0 | D        | Zeld the Gnoll Monk began the quest for the Orb.
     0 | D        | Reached XP level 1. HP: 23/23 MP: 1/1
     1 | D        | Noticed a bag of meat
     2 | D        | Noticed a bag of meat
     3 | D        | Noticed a bag of meat
     4 | D        | Became a worshipper of Makhleb the Destroyer
     4 | D        | Reached * piety under Makhleb
     4 | D        | Reached ** piety under Makhleb
     5 | D        | Noticed a bag of meat
     5 | D        | Noticed a bag of meat
     6 | D        | Noticed a bag of meat
     8 | D        | Killed a bag of meat
     8 | D        | Noticed a bag of meat
     8 | D        | Noticed a bag of meat
     8 | D        | Noticed a bag of meat
     8 | D        | Noticed a bag of meat
     9 | D        | Reached skill level 10 in Stealth
     9 | D        | Reached skill level 10 in Invocations
     9 | D        | Reached XP level 2. HP: 38/38 MP: 1/12
     9 | D        | Reached XP level 3. HP: 44/44 MP: 1/14
     9 | D        | Reached XP level 4. HP: 51/51 MP: 1/15
     9 | D        | Reached XP level 5. HP: 57/57 MP: 1/17
     9 | D        | Reached XP level 6. HP: 63/63 MP: 1/18
     9 | D        | Reached XP level 7. HP: 69/69 MP: 1/20
     9 | D        | Reached XP level 8. HP: 76/76 MP: 1/21
     9 | D        | Reached XP level 9. HP: 82/82 MP: 1/22
     9 | D        | Reached XP level 10. HP: 89/89 MP: 1/23
     9 | D        | Reached XP level 11. HP: 95/95 MP: 1/24
     9 | D        | Killed a bag of meat
     9 | D        | Noticed a meat berserker
     9 | D        | Noticed a bag of meat
    10 | D        | Reached XP level 12. HP: 103/103 MP: 1/27
    10 | D        | Killed a bag of meat
    11 | D        | Reached skill level 10 in Conjurations
    11 | D        | Reached skill level 10 in Hexes
    11 | D        | Reached skill level 10 in Summonings
    11 | D        | Reached skill level 10 in Necromancy
    11 | D        | Reached skill level 10 in Translocations
    11 | D        | Reached skill level 10 in Transmutations
    11 | D        | Reached skill level 10 in Fire Magic
    11 | D        | Reached skill level 10 in Ice Magic
    11 | D        | Reached skill level 10 in Air Magic
    11 | D        | Reached skill level 10 in Earth Magic
    11 | D        | Reached skill level 10 in Poison Magic
    11 | D        | Killed a bag of meat
    11 | D        | Reached *** piety under Makhleb
    11 | D        | Killed a bag of meat
    11 | D        | Killed a meat berserker
    11 | D        | Killed a bag of meat
    11 | D        | Reached **** piety under Makhleb
    11 | D        | Noticed a bag of meat
    11 | D        | Noticed a bag of meat
    11 | D        | Noticed a meat berserker
    12 | D        | Reached skill level 15 in Short Blades
    12 | D        | Reached skill level 15 in Long Blades
    12 | D        | Reached skill level 15 in Axes
    12 | D        | Reached skill level 15 in Maces & Flails
    12 | D        | Reached skill level 15 in Polearms
    12 | D        | Reached skill level 15 in Staves
    12 | D        | Reached skill level 15 in Slings
    12 | D        | Reached skill level 15 in Bows
    12 | D        | Reached skill level 15 in Crossbows
    12 | D        | Reached skill level 15 in Throwing
    12 | D        | Reached skill level 15 in Armour
    12 | D        | Reached skill level 15 in Stealth
    12 | D        | Reached skill level 15 in Shields
    12 | D        | Reached skill level 15 in Spellcasting
    12 | D        | Reached skill level 15 in Evocations
    12 | D        | Reached XP level 13. HP: 119/119 MP: 1/32
    12 | D        | Reached XP level 14. HP: 126/126 MP: 1/33
    12 | D        | Noticed a bag of meat
    13 | D        | Noticed a bag of meat
    14 | D        | Killed a bag of meat
    14 | D        | Killed a bag of meat
    14 | D        | Killed a bag of meat
    14 | D        | Noticed a meat berserker
    15 | D        | Reached XP level 15. HP: 136/136 MP: 2/35
    15 | D        | Reached ***** piety under Makhleb
    15 | D        | Noticed a meat berserker
    16 | D        | Killed a meat berserker
    16 | D        | Noticed a meat berserker
    17 | D        | Reached skill level 15 in Conjurations
    17 | D        | Reached skill level 15 in Hexes
    17 | D        | Reached skill level 15 in Summonings
    17 | D        | Reached skill level 15 in Necromancy
    17 | D        | Reached skill level 15 in Translocations
    17 | D        | Reached skill level 15 in Transmutations
    17 | D        | Reached skill level 15 in Fire Magic
    17 | D        | Reached skill level 15 in Ice Magic
    17 | D        | Reached skill level 15 in Air Magic
    17 | D        | Reached skill level 15 in Earth Magic
    17 | D        | Reached skill level 15 in Poison Magic
    17 | D        | Reached XP level 16. HP: 146/146 MP: 3/38
    17 | D        | Noticed a meat berserker
    18 | D        | Killed a meat berserker
    19 | D        | Killed a meat berserker
    19 | D        | Noticed a meat berserker
    20 | D        | Reached XP level 17. HP: 126/156 MP: 3/40
    21 | D        | Killed a meat berserker
    21 | D        | Killed a meat berserker
    21 | D        | Reached ****** piety under Makhleb
    21 | D        | Noticed a meat berserker
    22 | D        | Noticed a meat berserker
    23 | D        | Reached XP level 18. HP: 169/169 MP: 4/43
    23 | D        | Noticed a meat berserker
    24 | D        | Killed a meat berserker
    27 | D        | Killed a meat berserker
    27 | D        | Noticed a meat berserker
    28 | D        | Reached XP level 19. HP: 181/181 MP: 5/46
    28 | D        | Noticed a large bag of meat
    29 | D        | Killed a meat berserker
    29 | D        | Noticed a large bag of meat
    30 | D        | Killed a meat berserker
    31 | D        | Reached skill level 27 in Invocations
    31 | D        | Noticed a meat berserker
    32 | D        | Reached XP level 20. HP: 194/194 MP: 6/49
    32 | D        | Noticed a destroyer
    32 | D        | Noticed a large bag of meat
    34 | D        | Killed a meat berserker
    34 | D        | Killed a large bag of meat
    34 | D        | Noticed a meat berserker
    35 | D        | Reached skill level 27 in Fighting
    35 | D        | Reached skill level 27 in Dodging
    35 | D        | Reached skill level 27 in Stealth
    35 | D        | Reached skill level 27 in Unarmed Combat
    35 | D        | Noticed a large bag of meat
    36 | D        | Noticed a meat berserker
    36 | D        | Noticed a large bag of meat
    37 | D        | Reached skill level 27 in Short Blades
    37 | D        | Reached skill level 27 in Long Blades
    37 | D        | Reached skill level 27 in Axes
    37 | D        | Reached skill level 27 in Maces & Flails
    37 | D        | Reached skill level 27 in Polearms
    37 | D        | Reached skill level 27 in Staves
    37 | D        | Reached skill level 27 in Slings
    37 | D        | Reached skill level 27 in Bows
    37 | D        | Reached skill level 27 in Crossbows
    37 | D        | Reached skill level 27 in Throwing
    37 | D        | Reached skill level 27 in Armour
    37 | D        | Reached skill level 27 in Shields
    37 | D        | Reached skill level 27 in Spellcasting
    37 | D        | Reached skill level 27 in Evocations
    37 | D        | Noticed an eight-headed meat hydra
    38 | D        | Killed a meat berserker
    38 | D        | Killed a large bag of meat
    39 | D        | Reached XP level 21. HP: 145/204 MP: 8/52
    39 | D        | Killed a large bag of meat
    41 | D        | Killed a meat berserker
    42 | D        | Reached skill level 27 in Conjurations
    42 | D        | Reached skill level 27 in Hexes
    42 | D        | Reached skill level 27 in Summonings
    42 | D        | Reached skill level 27 in Necromancy
    42 | D        | Reached skill level 27 in Translocations
    42 | D        | Reached skill level 27 in Transmutations
    42 | D        | Reached skill level 27 in Fire Magic
    42 | D        | Reached skill level 27 in Ice Magic
    42 | D        | Reached skill level 27 in Air Magic
    42 | D        | Reached skill level 27 in Earth Magic
    42 | D        | Reached skill level 27 in Poison Magic
    42 | D        | Killed a large bag of meat
    44 | D        | HP: 8/204 [meat berserker/+9 battleaxe (52)]
    45 | D        | Killed a meat berserker
    45 | D        | Killed a nine-headed meat hydra
    45 | D        | Noticed a meat berserker
    46 | D        | Killed a meat berserker
    46 | D        | Noticed an accursed
    46 | D        | Noticed a destroyer
    48 | D        | Reached XP level 22. HP: 148/212 MP: 10/53
    50 | D        | Killed an accursed
    51 | D        | Noticed a destroyer
    51 | D        | Killed a destroyer
    54 | D        | Killed a destroyer
    55 | D        | Noticed a large bag of meat
    56 | D        | Reached XP level 23. HP: 178/219 MP: 13/54
    56 | D        | Noticed a destroyer
    57 | D        | Noticed The Captor
    58 | D        | Killed a large bag of meat
    59 | D        | Noticed a destroyer
    60 | D        | Reached XP level 24. HP: 205/227 MP: 14/54
    61 | D        | Noticed a dread
    61 | D        | Killed The Captor
    61 | D        | Noticed a large bag of meat
    62 | D        | Reached XP level 25. HP: 218/234 MP: 14/54
    62 | D        | Noticed a meat beast
    63 | D        | Killed a destroyer
    63 | D        | Killed a destroyer
    64 | D        | Killed a destroyer
    65 | D        | Reached XP level 26. HP: 141/242 MP: 15/54
    65 | D        | Killed a large bag of meat
    65 | D        | Killed a meat beast
    65 | D        | Noticed an accursed
    66 | D        | Killed a large bag of meat
    68 | D        | Killed an accursed
    69 | D        | Reached XP level 27. HP: 192/249 MP: 16/54
    70 | D        | Noticed a tyrant
    75 | D        | Killed a dread
    79 | D        | Noticed a large bag of meat
    80 | D        | Noticed a destroyer
    82 | D        | Noticed a dread
    84 | D        | Killed a destroyer
    88 | D        | Noticed an accursed
    91 | D        | Noticed a dread
    93 | D        | Killed a dread
    93 | D        | Killed from afar by a tyrant

Illustrated notes

Levels and vault maps discovered:
D:        meatsprint

Skill      XL: |  1  2  3  4  5  6  7  8  9 10 11 12 13 14 15 16 17 18 19 20 21 |
---------------+----------------------------------------------------------------+-----
Fighting       | 11 12 16 17 19 20 22 24 26 27 | 27.0
Short Blades   | 9 11 15 16 18 19 21 23 25 27 | 27.0
Long Blades    | 9 11 15 16 18 19 21 23 25 27 | 27.0
Axes           | 9 11 15 16 18 19 21 23 25 27 | 27.0
Maces & Flails | 9 11 15 16 18 19 21 23 25 27 | 27.0
Polearms       | 9 11 15 16 18 19 21 23 25 27 | 27.0
Staves         | 9 11 15 16 18 19 21 23 25 27 | 27.0
Slings         | 9 11 15 16 18 19 21 23 25 27 | 27.0
Bows           | 9 11 15 16 18 19 21 23 25 27 | 27.0
Crossbows      | 9 11 15 16 18 19 21 23 25 27 | 27.0
Throwing       | 9 11 15 16 18 19 21 23 25 27 | 27.0
Armour         | 9 11 15 16 18 19 21 23 25 27 | 27.0
Dodging        | 11 12 16 17 19 20 22 24 26 27 | 27.0
Stealth        | 10 12 15 17 18 20 22 23 25 27 | 27.0
Shields        | 9 11 15 16 18 19 21 23 25 27 | 27.0
Unarmed Combat | 11 12 16 17 19 20 22 24 26 27 | 27.0
Spellcasting   | 9 11 15 16 18 19 21 23 25 27 | 27.0
Conjurations   | 8 9 13 14 15 16 18 20 22 25 27 | 27.0
Hexes          | 8 9 13 14 15 16 18 20 22 25 27 | 27.0
Summonings     | 8 9 13 14 15 16 18 20 22 25 27 | 27.0
Necromancy     | 8 9 13 14 15 16 18 20 22 25 27 | 27.0
Translocations | 8 9 13 14 15 16 18 20 22 25 27 | 27.0
Transmutations | 8 9 13 14 15 16 18 20 22 25 27 | 27.0
Fire Magic     | 8 9 13 14 15 16 18 20 22 25 27 | 27.0
Ice Magic      | 8 9 13 14 15 16 18 20 22 25 27 | 27.0
Air Magic      | 8 9 13 14 15 16 18 20 22 25 27 | 27.0
Earth Magic    | 8 9 13 14 15 16 18 20 22 25 27 | 27.0
Poison Magic   | 8 9 13 14 15 16 18 20 22 25 27 | 27.0
Invocations    | 10 12 16 18 19 21 23 25 27 | 27.0
Evocations     | 9 11 15 16 18 19 21 23 25 27 | 27.0

Action                   |  1- 3 |  4- 6 |  7- 9 | 10-12 | 13-15 | 16-18 | 19-21 | 22-24 | 25-27 || total
-------------------------+-------+-------+-------+-------+-------+-------+-------+-------+-------++-------
Melee: Executioner's axe |     1 |       |       |     3 |     3 |    10 |    13 |    10 |    29 ||    69
Invok: Greater Servant o |       |       |       |       |       |       |       |     3 |     1 ||     4
  Use: Potion            |       |       |       |       |       |       |       |       |     1 ||     1
Dodge: Dodged            |       |       |       |     1 |       |       |       |     1 |       ||     2

Table legend: (Time is in decaauts)
 A = Elapsed time spent in this place.
 B = Non-inter-level travel time spent in this place.
 C = Inter-level travel time spent in this place.
 D = Time resting spent in this place.
 E = Time spent auto-exploring this place.
 F = Levels seen in this place.
 G = Mean time per level.
                   A        B        C        D        E       F      G
               +--------+--------+--------+--------+--------+-----+--------+
         Total |     77 |     77 |      0 |      0 |      0 |   1 |   77.0 |
       Dungeon |     77 |     77 |      0 |      0 |      0 |   1 |   77.0 |
               +--------+--------+--------+--------+--------+-----+--------+

Top non-repeatable levels by time:
       D: 77 daAuts
